 Dungeon Crawl Stone Soup version 0.27-a0-1202-ge72e49191c (webtiles) character file.

Game seed: 11602282526004358426

219 freelancePsychic the Magician (level 6, -3/40 HPs)
             Began as a Djinni Earth Elementalist on June 3, 2021.
             Was a Believer of Makhleb.
             Slain by Ijyb
             ... wielding a +0 dagger
              (5 damage)
             ... on level 4 of the Dungeon.
             The game lasted 00:06:52 (2592 turns).

freelancePsychic the Magician (DjEE)                Turns: 2592, Time: 00:06:53

Health: -3/40      AC:  3    Str:  7    XL:     6   Next: 18%
Gold:   77         EV: 12    Int: 19    God:    Makhleb [**....] SH:  0 Dex: 13

rFire    + + .     SeeInvis .   g - -3 lajatang
rCold    x . .     Faith    .   (shield currently unavailable)
rNeg     . . .     Spirit   .   c - +0 robe
rPois    ∞         Reflect  .   (no helmet)
rElec    .         Harm     .   (no cloak)
rCorr    .         Rampage  .   l - +0 pair of gloves
Will     .....                  (boots unavailable)
Stlth    ++........             (no amulet)
HPRegen  0.13/turn              (no ring)
MPRegen  0.00/turn              (no ring)

@: flying, hasted, very quick
A: sickness immunity, fire resistance 2, cold vulnerability 1, float, innate
caster, hp casting, extra vitality 1
a: Renounce Religion, Minor Destruction


You were on level 4 of the Dungeon.
You worshipped Makhleb.
Makhleb was pleased with you.
You visited 1 branch of the dungeon, and saw 4 of its levels.

You collected 78 gold pieces.
You spent 1 gold pieces at shops.

Inventory:

Hand Weapons
 a - a +1 short sword
 g - a -3 lajatang (weapon)
Missiles
 b - 29 stones
 r - 2 atropa-tipped darts
Armour
 c - a +0 robe (worn)
 e - a +0 buckler
 j - a +0 leather armour
 l - a +0 pair of gloves (worn)
Scrolls
 f - 2 scrolls of identify {@r1}
Potions
 d - 2 potions of ambrosia {unknown}
 i - 3 potions of might {unknown}
 o - a potion of haste {@q3}
 q - a potion of brilliance {unknown}


   Skills:
 - Level 2.1 Dodging
 - Level 1.5 Stealth
 + Level 5.0 Spellcasting


You couldn't memorise any spells.
You knew the following spells:

 Your Spells              Type           Power      Damage    Failure   Level
a - Sandblast             Erth           46%        2d11      1%          1
b - Passwall              Tmut/Erth      19%        N/A       2%          2
c - Stone Arrow           Conj/Erth      46%        3d9       4%          3
d - Petrify               Tmut/Erth      23%        N/A       16%         4
e - Lee's Rapid Deconstr  Erth           11%        3d9*      41%         5
f - Freeze                Ice            92%        1d10      1%          1
g - Blink                 Tloc           N/A        N/A       2%          2
Your spell library was empty.

Dungeon Overview and Level Annotations

Branches:
Dungeon (4/15)
 Temple: D:4-7

Altars:
Makhleb

Shops:
D:4 *

Annotations:
D:2 Sigmund
D:4 Ijyb


Innate Abilities, Weirdness & Mutations

You are immune to sickness and miasma.
You are immune to poison.
Your flesh is very heat resistant. (rF++)
You are vulnerable to cold. (rC-)
You float through the air rather than walking.
You learn spells naturally, not from books.
Your magical power is your life essence.
You have superior vitality. (+4 HP)


Message History

Ijyb zaps a wand.
You resist with some effort.
Casting: Sandblast (safe; 1% risk of failure)
Confirm with . or Enter, or press ? or * to list all spells.
Aiming: Sandblast (safe; 1% risk of failure)
Press: ? - help, Shift-Dir - straight line, f/p - Ijyb
Aim: Ijyb, wielding a +0 dagger, wearing a +0 scale mail and carrying a wand of paralysis (3) (purple smoke, severely wounded, 78% to hit)
The blast of sand hits Ijyb but does no damage.
Ijyb is severely wounded.
* * * LOW HITPOINT WARNING * * *
Ijyb misses you.
Casting: Sandblast (safe; 1% risk of failure)
Confirm with . or Enter, or press ? or * to list all spells.
Aiming: Sandblast (safe; 1% risk of failure)
Press: ? - help, Shift-Dir - straight line, f/p - Ijyb
Aim: Ijyb, wielding a +0 dagger, wearing a +0 scale mail and carrying a wand of paralysis (3) (purple smoke, severely wounded, 78% to hit)
The blast of sand hits Ijyb.
Ijyb is severely wounded.
* * * LOW HITPOINT WARNING * * *
Ijyb misses you.
Casting: Sandblast (safe; 1% risk of failure)
Confirm with . or Enter, or press ? or * to list all spells.
Aiming: Sandblast (safe; 1% risk of failure)
Press: ? - help, Shift-Dir - straight line, f/p - Ijyb
Aim: Ijyb, wielding a +0 dagger, wearing a +0 scale mail and carrying a wand of paralysis (3) (purple smoke, severely wounded, 78% to hit)
The blast of sand hits Ijyb but does no damage.
Ijyb is severely wounded.
* * * LOW HITPOINT WARNING * * *
Ijyb zaps a wand.
You suddenly lose the ability to move!
Ijyb hits you with a +0 dagger.
* * * LOW HITPOINT WARNING * * *
Ijyb hits you but does no damage. Ijyb hits you with a +0 dagger.
* * * LOW HITPOINT WARNING * * *
Ijyb hits you but does no damage.
You can move again.
Ijyb screams, "Me kill you!"
You feel yourself speed up. Ijyb hits you with a +0 dagger.
You die...

#.............##.......
#......##...#.####.....
#......###....###...#..
#...(..# #........#....
#......###.....#....<..
#....§§....#.#....#####
#.......####...#..,,,,,
**########§§#####.....<,,,,
***,......§g@...........,****
*,,,.############.####.#,** *
*,*,,,****** *,* *.#,,* *
*,,,,,,,,,,* *,* *,**,*
*,,,,*+*,,,******,* *,**,***
**,,,*,*,,,,,,,**,* *,,,,,,,
*,***,***,,,,,**,* *,***,,,
*,+,,∩,,+,*,,,**,****,* *,,,
*****,***,***,*,,,,,,,,,,,*
*,,,


You could see Ijyb.

Vanquished Creatures
  A bullfrog skeleton (D:3)
  Natasha (twice) (D:3)
  4 gnolls
  5 adders
  A worm (D:3)
  3 dart slugs
  An orc (D:4)
  5 bats
  3 endoplasms
  2 giant cockroaches (D:2)
  3 goblins
  5 hobgoblins
  6 quokkas
  4 ball pythons
  3 frilled lizards
  4 kobolds (D:1)
  8 rats
60 creatures vanquished.

Notes
Turn   | Place    | Note
-------+----------+-------------------------------------------
     0 | D:1      | freelancePsychic the Djinni Earth Elementalist began the
                  | quest for the Orb.
     0 | D:1      | Reached XP level 1. HP: 15/15 MP: 0/0
   140 | D:1      | Reached XP level 2. HP: 15/21 MP: 0/0
   282 | D:1      | Reached skill level 3 in Spellcasting
   416 | D:1      | Found a faded altar of an unknown god.
   429 | D:1      | Became a worshipper of Makhleb the Destroyer
   429 | D:1      | Reached * piety under Makhleb
   583 | D:1      | Reached XP level 3. HP: 24/25 MP: 0/0
   583 | D:1      | Learned a level 1 spell: Freeze
  1056 | D:2      | Noticed Sigmund
  1188 | D:2      | Reached XP level 4. HP: 30/31 MP: 0/0
  1192 | D:2      | Reached ** piety under Makhleb
  1248 | D:3      | Reached skill level 4 in Spellcasting
  1607 | D:3      | Reached XP level 5. HP: 35/35 MP: 0/0
  1607 | D:3      | Learned a level 2 spell: Blink
  1856 | D:3      | Noticed Natasha
  1860 | D:3      | Killed Natasha
  2151 | D:3      | Noticed Natasha
  2446 | D:3      | Killed Natasha
  2447 | D:3      | Reached XP level 6. HP: 29/40 MP: 0/0
  2518 | D:4      | Found Cotwuet's Lightly-Used Armoury.
  2526 | D:4      | Bought a -3 lajatang for 1 gold piece
  2570 | D:4      | Noticed Ijyb
  2576 | D:4      | Reached skill level 5 in Spellcasting
  2586 | D:4      | Paralysed by Ijyb for 5 turns
  2589 | D:4      | HP: 1/40 [Ijyb/+0 dagger (5)]
  2592 | D:4      | Slain by Ijyb

Illustrated notes

Levels and vault maps discovered:
D:1:      dpeg_arrival_oval, layout_rooms, hellmonk_ecumenical_altar_blasted,
          kennysheep_another_room, grunt_decor_cap, serial_park_tiny_pond
D:2:      layout_basic, kennysheep_doodads, uniq_sigmund, uniq_robin,
          uniq_crazy_yiuf_cottage
D:3:      layout_rooms, minivault_5, uniq_natasha
D:4:      wad_lake_hut, layout_rooms, nicolae_ossuary_entry_plus,
          nrook_loot_triangle, minmay_shop_damaged, uniq_duvessa, uniq_pikel,
          uniq_ijyb

Skill      XL: |  1  2  3  4  5  6 |
---------------+-------------------+-----
Spellcasting   | 3 4 5 |  5.0
Dodging        | |  2.1
Stealth        | |  1.5

Action                   |  1- 3 |  4- 6 || total
-------------------------+-------+-------++-------
Melee: Short sword       |     4 |     5 ||     9
 Cast: Sandblast         |    41 |    68 ||   109
       Stone Arrow       |       |     2 ||     2
  Use: Scroll            |       |     7 ||     7
       Potion            |       |     1 ||     1
Armor: Robe              |     1 |    16 ||    17
Dodge: Dodged            |     9 |    43 ||    52

Table legend: (Time is in decaauts)
 A = Elapsed time spent in this place.
 B = Non-inter-level travel time spent in this place.
 C = Inter-level travel time spent in this place.
 D = Time resting spent in this place.
 E = Time spent auto-exploring this place.
 F = Levels seen in this place.
 G = Mean time per level.
                   A        B        C        D        E       F      G
               +--------+--------+--------+--------+--------+-----+--------+
         Total |   2620 |   2587 |     33 |    332 |   1724 |   4 |  655.0 |
       Dungeon |   2620 |   2587 |     33 |    332 |   1724 |   4 |  655.0 |
               +--------+--------+--------+--------+--------+-----+--------+

Top non-repeatable levels by time:
     D:3: 1295 daAuts
     D:1: 899 daAuts
     D:2: 341 daAuts
     D:4: 83 daAuts
